 Dungeon Crawl Stone Soup version 0.18-a0-270-ga9d907f (console) character file.

5477 endege the Cleaver (level 10, -4/53 HPs)
             Began as a Vine Stalker Berserker on Nov 26, 2015.
             Was a High Priest of Trog.
             Slain by a crocodile (8 damage)
             ... on level 8 of the Dungeon.
             The game lasted 00:06:12 (6594 turns).

endege the Cleaver (Vine Stalker Berserker)         Turns: 6594, Time: 00:06:12

Health: -4/53      AC: 16    Str: 20    XL:     10   Next: 69%
Magic:  0/11       EV: 10    Int:  7    God:    Trog [*****.]
Gold:   387        SH:  0    Dex: 17    Spells: 0 memorised, 9 levels left

rFire  . . .     SeeInvis .     Y - +1 war axe
rCold  . . .     Clarity  .     j - +0 chain mail
rNeg   . . .     SustAt   .     (no shield)
rPois  .         Gourm    .     g - +0 helmet
rElec  .         Spirit   +     b - +0 cloak
rCorr  .         Warding  .     q - +2 pair of gloves
rMut   .         Stasis   .     k - +0 pair of boots
MR     +....                    (no amulet)
Stlth  ..........               (no ring)
                                d - +6 ring of slaying {mikee}

@: exhausted, about to teleport, slowed, very slow, somewhat resistant to
hostile enchantments, extremely unstealthy
A: fangs 3, camouflage 1, regeneration 2, magic shield, antimagic bite, no
device heal 3, rot immunity
a: Berserk, Trog's Hand, Brothers in Arms, Burn Spellbooks, Renounce Religion


You were on level 8 of the Dungeon.
You worshipped Trog.
Trog was extremely pleased with you.
You were very hungry.

You visited 1 branch of the dungeon, and saw 8 of its levels.

You collected 387 gold pieces.


Innate Abilities, Weirdness & Mutations

You have razor-sharp teeth.
You heal very quickly.
When hurt, damage is shared between your health and your magic reserves.
Your bite disrupts and absorbs the magic of your enemies.
Potions and wands cannot restore your health.
You are immune to rotting.
Your skin changes colour to match your surroundings (Stealth).


   Skills:
 - Level 5.7 Fighting
 + Level 11.5 Axes
 + Level 4.4 Armour
 - Level 5.0 Dodging


You had 9 spell levels left.
You didn't know any spells.

Inventory:

Hand Weapons
 Y - a +1 war axe (weapon)
Armour
 b - a +0 cloak (worn)
 g - a +0 helmet (worn)
 j - a +0 chain mail (worn)
 k - a +0 pair of boots (worn)
 q - a +2 pair of gloves (worn)
Jewellery
 d - a +6 ring of slaying (left hand) {mikee}
Scrolls
 a - 2 scrolls of identify
 c - a scroll of magic mapping {unknown}
 i - a scroll of teleportation
 p - a scroll of recharging
 s - 4 scrolls of remove curse
Potions
 h - 3 potions of haste
 m - a potion of might
 o - a potion of heal wounds
 v - a potion of curing
Comestibles
 f - 3 bread rations
 l - 2 chunks of flesh
 n - 6 meat rations
 u - a slice of pizza

Dungeon Overview and Level Annotations

Branches:
Dungeon (8/15)             Temple (0/1) D:5
   Lair: D:8-11

Altars:
Dithmenos
Gozag
Kikubaaqudgha
Makhleb
Sif Muna
Vehumet
Xom
Yredelemnul
Zin
The Shining One


Message History

Trog accepts your kill.
You slash the basilisk!
The basilisk is moderately wounded.
You slice the basilisk!! You bite the basilisk.
The basilisk's magic leaks into the air.
You drain its magic.
You kill the basilisk!
Trog accepts your kill.
You feel a strong urge to attack something.
You are no longer berserk.
You are exhausted.
You feel yourself slow down.
You are feeling very hungry.
The crocodile bites you!
* * * LOW HITPOINT WARNING * * *
6594 ||| READING 2 scrolls of teleportation.
As you read the scroll of teleportation, it crumbles to dust.
You feel strangely unstable. The crocodile bites you!
You die...

#.# #.# #####.########..
#.##....<......#........
..#........#####........
....#...<...............
###...:......###...PP..P
##.#.....#.# #.....7..
#.#.....# # #........
#.###.### #t......7 #.#
#.# #.###@.# #.# #.#
#...)..# #.# #.#
#####%## #.# #.# #..(%.#
#.###.####.##.......
####..........###....##
....!....####.# .####
########## #... .#
#######


You could see a crocodile.

Vanquished Creatures
  A basilisk (D:8)
  13 yaks (D:8)
  3 porcupines (D:8)
  2 black bears
  A sky beast (D:5)
  2 orc warriors
  An ice beast (D:6)
  4 centaurs
  A phantom (D:5)
  6 ogres
  3 crocodiles (D:8)
  5 giant frogs (D:7)
  3 scorpions (D:6)
  A centaur zombie (D:7)
  3 crimson imps
  A giant frog zombie (D:7)
  2 jellies
  5 orc wizards
  2 orc priests
  2 centaur skeletons (D:4)
  3 hounds
  4 worker ants
  Terence (D:3)
  4 iguanas
  A hound zombie (D:5)
  2 worker ant zombies
  10 adders
  4 gnolls (D:6)
  3 shadow imps
  An ooze (D:3)
  4 worms
  3 giant geckos
  18 orcs
  A giant cockroach (D:2)
  7 goblins
  7 hobgoblins
  2 kobolds (D:1)
  3 quokkas
  2 ball pythons
  10 bats
  A giant gecko skeleton (D:4)
  9 giant newts
  A jackal (D:4)
  4 rats
166 creatures vanquished.

Vanquished Creatures (others)
  A scorpion (D:4)
  A hound (D:4)
  A worker ant (D:4)
  An orc (D:4)
4 creatures vanquished.

Grand Total: 170 creatures vanquished

Notes
Turn   | Place    | Note
--------------------------------------------------------------
     0 | D:1      | endege the Vine Stalker Berserker began the quest for the Orb.
     0 | D:1      | Reached XP level 1. HP: 11/11 MP: 2/2
     0 | D:1      | 0 ||| counter = 15
   122 | D:1      | Reached skill level 3 in Axes
   153 | D:1      | Reached XP level 2. HP: 16/16 MP: 3/3
   265 | D:1      | 265 ||| INVOKING Berserk.
   932 | D:1      | 932 ||| UPGRADING to leather armour.
   942 | D:1      | 942 ||| DROPPING +0 animal skin.
   943 | D:1      | 943 ||| UPGRADING to ring mail.
   953 | D:1      | 953 ||| DROPPING +0 leather armour.
   954 | D:1      | 954 ||| UPGRADING to pair of gloves.
   959 | D:1      | 959 ||| READING 2 scrolls labeled UTOECK ADAVERR.
   960 | D:1      | 960 ||| READING scroll labeled AREMOS QOIMIA.
   961 | D:1      | 961 ||| READING scroll labeled ZOSSEENENI.
   965 | D:1      | 965 ||| READING scroll labeled QIZASA QETHRA.
   966 | D:1      | 966 ||| DRINKING 2 dark potions.
  1009 | D:2      | Reached XP level 3. HP: 19/19 MP: 4/4
  1088 | D:2      | 1088 ||| INVOKING Berserk.
  1154 | D:2      | Reached ** piety under Trog
  1490 | D:2      | 1490 ||| UPGRADING to war axe.
  1491 | D:2      | 1491 ||| DROPPING +0 hand axe.
  1503 | D:2      | 1503 ||| INVOKING Berserk.
  1504 | D:2      | Reached skill level 4 in Axes
  1636 | D:2      | 1636 ||| INVOKING Berserk.
  1791 | D:2      | Found a shadowy altar of Dithmenos.
  1791 | D:2      | Found a glowing golden altar of the Shining One.
  1792 | D:2      | Found a basalt altar of Yredelemnul.
  1972 | D:2      | 1972 ||| UPGRADING to cloak.
  1977 | D:2      | 1977 ||| UPGRADING to helmet.
  1982 | D:2      | 1982 ||| UPGRADING to pair of boots.
  1987 | D:2      | 1987 ||| READING scroll labeled HEOS BAJOCZUECK.
  1988 | D:2      | 1988 ||| DRINKING 2 fizzy dark potions.
  1989 | D:2      | 1989 ||| READING 3 scrolls of identify.
  1989 | D:2      | 1989 ||| IDENTIFYING brown potion
  1990 | D:2      | 1990 ||| READING 2 scrolls of identify.
  1990 | D:2      | 1990 ||| IDENTIFYING amethyst potion
  1991 | D:2      | 1991 ||| DROPPING potion of degeneration.
  1992 | D:2      | 1992 ||| DROPPING potion of lignification.
  2031 | D:3      | Noticed Terence
  2041 | D:3      | Killed Terence
  2041 | D:3      | Reached XP level 4. HP: 12/23 MP: 5/5
  2339 | D:3      | 2339 ||| INVOKING Berserk.
  2341 | D:3      | Reached skill level 5 in Axes
  2341 | D:3      | Reached XP level 5. HP: 27/27 MP: 4/6
  2812 | D:3      | 2812 ||| UPGRADING to chain mail.
  2822 | D:3      | 2822 ||| DROPPING +0 ring mail.
  2823 | D:3      | 2823 ||| READING scroll labeled VAOTYPPISA.
  2824 | D:3      | 2824 ||| READING scroll labeled VOSKOESESE.
  2825 | D:3      | 2825 ||| READING 3 scrolls labeled HIRHIX VAOR.
  2826 | D:3      | 2826 ||| UPGRADING to encrusted silver ring.
  2827 | D:3      | 2827 ||| REMOVING ring of flight.
  2828 | D:3      | 2828 ||| DROPPING ring of flight.
  3063 | D:4      | 3063 ||| EATING slice of pizza.
  3173 | D:4      | Found a shimmering altar of Xom.
  3257 | D:4      | Gained mutation: You heal very quickly. [Vine Stalker growth]
  3257 | D:4      | Reached XP level 6. HP: 29/32 MP: 5/7
  3276 | D:4      | 3276 ||| INVOKING Berserk.
  3450 | D:4      | Reached skill level 3 in Fighting
  3450 | D:4      | Reached skill level 6 in Axes
  3474 | D:4      | 3474 ||| INVOKING Berserk.
  3541 | D:4      | 3541 ||| INVOKING Berserk.
  3544 | D:4      | Reached XP level 7. HP: 36/36 MP: 8/8
  3652 | D:4      | You fall through a shaft for 3 floors!
  3661 | D:7      | 3661 ||| Shafted from D:4 to D:7.
  3721 | D:7      | Reached *** piety under Trog
  3761 | D:6      | 3761 ||| INVOKING Berserk.
  3764 | D:6      | Reached skill level 7 in Axes
  3765 | D:6      | Gained mutation: You have razor-sharp teeth. [Vine Stalker growth]
  3765 | D:6      | Reached XP level 8. HP: 40/40 MP: 9/9
  3806 | D:6      | 3806 ||| EATING 2 bread rations.
  3826 | D:6      | 3826 ||| INVOKING Berserk.
  4004 | D:6      | 4004 ||| INVOKING Berserk.
  4100 | D:6      | Reached skill level 8 in Axes
  4107 | D:5      | Entered Level 5 of the Dungeon
  4125 | D:5      | 4125 ||| INVOKING Berserk.
  4221 | D:5      | Found a radiant altar of Vehumet.
  4223 | D:5      | Found a deep blue altar of Sif Muna.
  4223 | D:5      | Found an ancient bone altar of Kikubaaqudgha.
  4259 | D:4      | 4259 ||| Successfully unshafted to D:4.
  4390 | D:4      | 4390 ||| READING scroll labeled JAPIET ZAIPT.
  4391 | D:4      | 4391 ||| READING scroll labeled IBUG UFIAXZEDA.
  4392 | D:4      | 4392 ||| DRINKING 2 white potions.
  4393 | D:4      | 4393 ||| DRINKING 2 fuming cyan potions.
  4394 | D:4      | 4394 ||| READING 2 scrolls of identify.
  4394 | D:4      | 4394 ||| IDENTIFYING blue potion
  4395 | D:4      | 4395 ||| DROPPING potion of poison.
  4396 | D:4      | 4396 ||| DROPPING potion of flight.
  4450 | D:5      | 4450 ||| READING scroll of enchant armour.
  4450 | D:5      | 4450 ||| ENCHANTING +0 pair of gloves.
  4473 | D:5      | Reached skill level 3 in Dodging
  4547 | D:5      | Found a staircase to the Ecumenical Temple.
  4624 | D:5      | Found a burning altar of Makhleb.
  4629 | D:5      | Found a glowing silver altar of Zin.
  4629 | D:5      | Noticed an angel
  4634 | D:5      | Noticed a balrug
  4695 | D:5      | 4695 ||| Stepping randomly (disturbance).
  4741 | D:5      | Reached **** piety under Trog
  4756 | D:5      | 4756 ||| EATING beef jerky.
  4774 | D:5      | Reached skill level 9 in Axes
  4774 | D:5      | Reached skill level 3 in Armour
  4774 | D:5      | Reached XP level 9. HP: 46/46 MP: 10/10
  4787 | D:5      | 4787 ||| READING scroll of enchant armour.
  4787 | D:5      | 4787 ||| ENCHANTING +1 pair of gloves.
  5128 | D:5      | 5128 ||| UPGRADING to dented emerald amulet.
  5129 | D:5      | 5129 ||| READING 3 scrolls of remove curse.
  5130 | D:5      | 5130 ||| REMOVING amulet of inaccuracy.
  5131 | D:5      | 5131 ||| DROPPING amulet of inaccuracy.
  5132 | D:5      | 5132 ||| DRINKING 2 bubbling amethyst potions.
  5133 | D:5      | 5133 ||| DROPPING potion of brilliance.
  5239 | D:6      | 5239 ||| EATING slice of pizza.
  5346 | D:6      | 5346 ||| INVOKING Berserk.
  5482 | D:6      | 5482 ||| UPGRADING to golden ring.
  5483 | D:6      | 5483 ||| REMOVING ring of stealth.
  5484 | D:6      | 5484 ||| DROPPING ring of stealth.
  5485 | D:6      | 5485 ||| READING scroll labeled OPPYGU GUKKUG.
  5486 | D:6      | 5486 ||| READING 2 scrolls of identify.
  5486 | D:6      | 5486 ||| IDENTIFYING fuming grey potion
  5487 | D:6      | 5487 ||| DRINKING potion of beneficial mutation.
  5487 | D:6      | Gained mutation: Your skin changes colour to match your surroundings (Stealth). [potion of beneficial mutation]
  5560 | D:7      | 5560 ||| INVOKING Berserk.
  5628 | D:7      | 5628 ||| INVOKING Berserk.
  5724 | D:7      | Found an opulent altar of Gozag.
  6011 | D:7      | Reached skill level 10 in Axes
  6105 | D:7      | 6105 ||| INVOKING Berserk.
  6310 | D:7      | 6310 ||| INVOKING Berserk.
  6448 | D:7      | 6448 ||| UPGRADING to gilded ring.
  6449 | D:7      | 6449 ||| READING scroll labeled XUVOBL BA POUB.
  6450 | D:7      | 6450 ||| DRINKING 2 pink potions.
  6451 | D:7      | 6451 ||| READING 3 scrolls of identify.
  6451 | D:7      | 6451 ||| IDENTIFYING silvery potion
  6452 | D:7      | 6452 ||| DROPPING potion of agility.
  6557 | D:8      | 6557 ||| INVOKING Berserk.
  6557 | D:8      | HP: 15/72 [crocodile (12)]
  6559 | D:8      | Reached XP level 10. HP: 17/53 MP: 11/11
  6563 | D:8      | HP: 13/79 [porcupine's spines (6)]
  6566 | D:8      | Reached ***** piety under Trog
  6567 | D:8      | Reached skill level 11 in Axes
  6570 | D:8      | HP: 14/79 [centaur/arrow (2)]
  6571 | D:8      | HP: 4/79 [porcupine's spines (10)]
  6588 | D:8      | HP: 7/79 [yak (4)]
  6593 | D:8      | HP: 3/53 [crocodile (4)]
  6594 | D:8      | 6594 ||| READING 2 scrolls of teleportation.
  6594 | D:8      | Slain by a crocodile

Vault maps used:
D:1:      scummos_arrival_hexagon, nrook_mini_vaults
D:2:      gammafunk_temple_overflow_claw, first_bread
D:3:      nrook_uturn, uniq_terence
D:4:      xom_confusion_cloud
D:5:      grunt_temple_overflow_magic_moments,
          grunt_temple_overflow_order_and_chaos_2,
          minmay_temple_entry_large_hall, minmay_hedge_maze, minmay_lizard_king
D:7:      grunt_gozag_statues, roderic_roman_lattice
D:8:      wad_crossroads, minmay_lair_entry_grove,
          hangedman_little_slice_of_home

Action                   |  1- 3 |  4- 6 |  7- 9 | 10-12 || total
-------------------------+-------+-------+-------+-------++-------
Melee: Hand axe          |    84 |       |       |       ||    84
       War axe           |    19 |    92 |   265 |    31 ||   407
Invok: Berserk           |     4 |     4 |    10 |       ||    18
  Use: Scroll            |     7 |     3 |    10 |     1 ||    21
       Potion            |     2 |       |     5 |       ||     7
  Eat: Chunk             |     8 |     6 |    13 |       ||    27
       Pizza             |       |     1 |     1 |       ||     2
       Bread ration      |       |       |     1 |       ||     1
       Beef jerky        |       |       |     1 |       ||     1
